 Dungeon Crawl Stone Soup version 0.16.1-2-g95b8d4c (webtiles) character file.

189 Leibowitz the Ducker (level 5, -6/41 HPs)
             Began as a Demonspawn Gladiator on Mar 24, 2015.
             Mangled by a gnoll
             ... wielding a +3 halberd
              (13 damage)
             ... on level 3 of the Dungeon.
             The game lasted 00:10:10 (2252 turns).

Leibowitz the Ducker (Demonspawn Gladiator)         Turns: 2252, Time: 00:10:11

Health: -6/41      AC:  3    Str: 19    XL:     5   Next: 40%
Magic:  0/5        EV: 16    Int: 10    God:
Gold:   149        SH:  0    Dex: 14    Spells: 0 memorised, 4 levels left

rFire  . . .     SeeInvis .     (no weapon)
rCold  . . .     Clarity  +     v - +0 robe {MR+}
rNeg   . . .     SustAb   .     (no shield)
rPois  .         Gourm    .     c - +0 helmet
rElec  .         Spirit   +     (no cloak)
rCorr  .         Warding  .     (no gloves)
rMut   .         Stasis   .     (no boots)
MR     +....                    e - amulet of clarity
Stlth  ++........               t - +3 ring of evasion
                                l - +4 ring of strength

@: somewhat resistant to hostile enchantments, unstealthy
A: claws 2, magic shield
a: no special abilities


You were on level 3 of the Dungeon.
You were not hungry.

You visited 1 branch of the dungeon, and saw 3 of its levels.

You collected 149 gold pieces.

Inventory:

Missiles
 d - 2 throwing nets (quivered)
 u - 19 poisoned needles
Armour
 c - a +0 helmet (worn)
 v - a +0 robe of magic resistance (worn)
Jewellery
 a - an uncursed ring of protection from fire
 b - an uncursed ring of ice
 e - an amulet of clarity (around neck)
 l - a +4 ring of strength (left claw)
 t - a +3 ring of evasion (right claw)
 w - an uncursed ring of protection from magic
Scrolls
 g - a scroll of blinking {unknown}
 h - a scroll of random uselessness {unknown}
 i - a scroll of fog {unknown}
 m - 2 scrolls of identify {unknown}
 n - 2 scrolls of teleportation {unknown}
 q - 3 scrolls of recharging {unknown}
 r - a scroll of enchant armour {unknown}
 s - a scroll of enchant weapon {unknown}
Potions
 j - a potion of curing
 k - a potion of flight {unknown}
 o - 2 potions of cancellation {unknown}
 p - a potion of heal wounds {unknown}
Comestibles
 f - 5 bread rations


   Skills:
 * Level 3.2 Fighting
   Level 2.9 Staves
 + Level 1.8 Throwing
 * Level 2.1 Armour
 * Level 3.7 Dodging
 * Level 1.5 Stealth
 + Level 0.5 Unarmed Combat


You had 4 spell levels left.
You didn't know any spells.

Dungeon Overview and Level Annotations

Branches:
Dungeon (3/15)

Altars:


Innate Abilities, Weirdness & Mutations

You have very sharp fingernails.
When hurt, damage is shared between your health and your magic reserves.


Message History

You miss the quokka.
The quokka is heavily wounded.
The gnoll hits you but does no damage. The quokka barely misses you.
You scratch the quokka but do no damage.
The quokka is heavily wounded.
The quokka is no longer bleeding.
The quokka closely misses you. The gnoll misses you.
You scratch the quokka but do no damage.
The quokka is heavily wounded.
The quokka misses you. The gnoll closely misses you.
You scratch the quokka!
You kill the quokka!
The gnoll closely misses you. The gnoll hits you with a spear.
The gnoll hits you from afar with an enchanted halberd!
* * * LOW HITPOINT WARNING * * *
You completely miss the gnoll. The gnoll hits you with a spear.
* * * LOW HITPOINT WARNING * * *
The gnoll hits you from afar with an enchanted halberd!
You die...

. ...8 ...# .g.#
#####################.# .g.######
................@.....# .r.8#....
...............g####### ...##.###
###############g#8###8##...##....
#))..g.g.)...##.###
#............8#.#.#
#............##....
###8###⌠###8###...#
##############....
#....##..........#


You could see 2 gnolls.

Vanquished Creatures
  Sigmund (D:2)
  A hound (D:3)
  2 adders (D:2)
  A gnoll (D:3)
  A giant mite (D:3)
  2 giant geckos
  5 orcs (D:3)
  A ball python (D:3)
  6 bats
  A goblin (D:3)
  5 hobgoblins
  4 jackals
  2 kobolds
  A quokka (D:3)
  3 giant cockroaches
  A giant newt (D:2)
  4 rats
41 creatures vanquished.

Notes
Turn   | Place    | Note
--------------------------------------------------------------
     0 | D:1      | Leibowitz, the Demonspawn Gladiator, began the quest for the Orb.
     0 | D:1      | Reached XP level 1. HP: 16/16 MP: 1/1
   390 | D:1      | Gained mutation: You have sharp fingernails. [demonic ancestry]
   390 | D:1      | Reached XP level 2. HP: 20/22 MP: 2/2
   523 | D:1      | You fall through a shaft!
   533 | D:2      | Noticed Sigmund
   949 | D:2      | Reached skill level 1 in Armour
   949 | D:2      | Gained mutation: You have very sharp fingernails. [demonic ancestry]
   949 | D:2      | Reached XP level 3. HP: 10/28 MP: 3/3
  1092 | D:2      | Reached skill level 3 in Dodging
  1259 | D:2      | Killed Sigmund
  1259 | D:2      | Reached skill level 1 in Stealth
  1259 | D:2      | Reached XP level 4. HP: 19/34 MP: 4/4
  2031 | D:3      | Gained mutation: When hurt, damage is shared between your health and your magic reserves. [demonic ancestry]
  2031 | D:3      | Reached XP level 5. HP: 16/41 MP: 5/5
  2252 | D:3      | Mangled by a gnoll

Action                   |  1- 3 |  4- 6 || total
-------------------------+-------+-------++-------
Melee: Quarterstaff      |    59 |       ||    59
       Unarmed           |    20 |   114 ||   134
Throw: Throwing net      |     3 |       ||     3
  Use: Potion            |     1 |       ||     1
  Eat: Chunk             |       |     4 ||     4
